 Dungeon Crawl Stone Soup version 0.28-a0-476-g0f06bd746f (webtiles) character file.

Game seed: 9559315732033252020

31542 bande the Cleaver (level 13, -3/90 HPs)
             Began as a Gargoyle Fighter on Sept 16, 2021.
             Was the Champion of Okawaru.
             Slain by Sonja (4 damage)
             ... on level 3 of the Lair of Beasts.
             The game lasted 00:28:59 (14366 turns).

bande the Cleaver (Gargoyle Fighter)               Turns: 14366, Time: 00:29:00

Health: -3/90      AC: 42    Str: 26    XL:     13   Next: 58%
Magic:  0/19       EV:  7    Int:  9    God:    Okawaru [******]
Gold:   334        SH:  8    Dex: 10    Spells: 12/12 levels left

rFire   . . .      SeeInvis .   N - +8 broad axe of Dim Light {protect, rCorr}
rCold   . . .      Faith    .   z - +2 buckler
rNeg    + . .      Spirit   +   l - +0 plate armour
rPois   ∞          Reflect  .   t - +0 helmet
rElec   +          Harm     .   j - +0 cloak
rCorr   +          Rampage  .   k - +3 pair of gauntlets of War {Slay+5}
Will    .....                   (no boots)
Stlth   ..........              y - amulet of guardian spirit
HPRegen 0.25/turn               e - +4 ring of protection
MPRegen 0.16/turn               (no ring)

@: under a protective aura
A: sickness immunity, AC +9, negative energy resistance 1, electricity
resistance, torment resistance 1, petrification resistance, robust 1, strong 1
a: Renounce Religion, Heroism, Finesse, Duel


You were on level 3 of the Lair of Beasts.
You worshipped Okawaru.
Okawaru was exalted by your worship.
You visited 3 branches of the dungeon, and saw 14 of its levels.
You also visited: Sewer and Ossuary.

You collected 620 gold pieces.
You spent 286 gold pieces at shops.

Inventory:

Hand Weapons
 a - a +1 vampiric war axe
 L - a +4 scimitar of flaming
 N - the +8 broad axe of Dim Light (weapon) {protect, rCorr}
   (Okawaru gifted it to you on level 2 of the Lair of Beasts)

   It grants its wielder temporary protection when it strikes (+7 to AC).
   rCorr:     It protects you from acid and corrosion.
Missiles
 v - 2 throwing nets (quivered)
Armour
 j - a +0 cloak (worn)
 k - the +3 pair of gauntlets of War (worn) {Slay+5}
   (You acquired it on level 7 of the Dungeon)

   Slay:      It affects your accuracy & damage with ranged weapons and melee
   (+5).
 l - a +0 plate armour (worn)
 t - a +0 helmet (worn)
 z - a +2 buckler (worn)
 I - a +0 kite shield
Jewellery
 e - a +4 ring of protection (left hand)
 y - an amulet of guardian spirit (around neck)
 A - a ring of fire
 F - a ring of ice
 J - a ring of magical power
 K - a ring of positive energy
 P - a ring of magical power
 Q - an amulet of the acrobat
Wands
 n - a wand of iceblast (14)
 s - a wand of paralysis (8)
 D - a wand of polymorph (10)
 G - a wand of mindburst (5)
Scrolls
 b - a scroll of enchant armour
 o - 4 scrolls of fear
 p - 8 scrolls of teleportation
 r - 3 scrolls of fog
 u - 3 scrolls of enchant weapon
 w - 2 scrolls of holy word
 x - 4 scrolls of identify
 B - 3 scrolls of magic mapping
 C - a scroll of blinking
 E - a scroll of vulnerability
Potions
 c - 2 potions of curing
 d - 4 potions of might
 f - 2 potions of haste
 g - 7 potions of heal wounds
 h - a potion of magic
 m - a potion of berserk rage
 q - 4 potions of flight
 H - a potion of invisibility
 M - a potion of ambrosia
 O - a potion of brilliance
Miscellaneous
 i - a phial of floods


   Skills:
 + Level 10.1 Fighting
 - Level 0.4 Long Blades
 + Level 13.1 Axes
 + Level 10.0 Armour
 + Level 9.2 Shields
 * Level 8.0 Invocations
 * Level 6.6 Evocations


You had 12 spell levels left.
You didn't know any spells.
Your spell library contained the following spells:

 Spells                   Type           Power      Damage    Failure   Level
 Pain                     Necr           0%         1d4       98%         1
 Sandblast                Erth           0%         2d4       98%         1
 Corpse Rot               Necr/Air       N/A        N/A       99%         2
 Passwall                 Tmut/Erth      0%         N/A       99%         2
 Static Discharge         Conj/Air       0%         N/A       99%         2
 Frozen Ramparts          Ice            0%         1d2       100%        3
 Inner Flame              Hex/Fire       0%         N/A       100%        3
 Stone Arrow              Conj/Erth      0%         3d7       100%        3
 Cause Fear               Hex            0%         N/A       100%        4
 Dispel Undead            Necr           0%         3d6       100%        4
 Ice Form                 Ice/Tmut       0%         N/A       100%        4
 Agony                    Necr           0%         N/A       100%        5
 Excruciating Wounds      Necr           0%         N/A       100%        5
 Lightning Bolt           Conj/Air       0%         1d11      100%        5
 Discord                  Hex            0%         N/A       100%        8
 Lehudib's Crystal Spear  Conj/Erth      0%         10d2      100%        8
 Maxwell's Capacitive Co  Air            0%         ∞         100%        8
 Animate Armour           Summ/Erth      Unusable   N/A       N/A         4
 Summon Ice Beast         Ice/Summ       Unusable   N/A       N/A         4
 Death Channel            Necr           Unusable   N/A       N/A         6

Dungeon Overview and Level Annotations

Branches:
Dungeon (10/15)            Temple (1/1) D:6            Lair (3/6) D:10
  Snake (0/4) Lair:2        Sewer (visited)         Ossuary (visited)
  Swamp: Lair:2-4    Shoals: Lair:2-4       Orc: D:9-12

Altars:
Ashenzari
Cheibriados
Dithmenos
Elyvilon
Fedhas
Gozag
Hepliaklqana
Kikubaaqudgha
Makhleb
Nemelex Xobeh
Okawaru
Qazlal
Ru
Sif Muna
Trog
Uskayaw
Vehumet
Wu Jian
Xom
Yredelemnul
Zin
The Shining One

Shops:
D:2 :   D:10 !

Portals:
Trove: D:10 (give +2 gold dragon scales)

Annotations:
D:7 2 transporters, SkeletonJelly's ghost, novice SpAK
Lair:3 Sonja


Innate Abilities, Weirdness & Mutations

You are immune to sickness and miasma.
Your stone body is resilient. (AC +9)
You are immune to poison.
You resist negative energy. (rN+)
You are resistant to electric shocks. (rElec)
You are resistant to unholy torment.
You are immune to petrification.
You are robust. (+10% HP)
Your muscles are strong. (Str +2)


Message History

Sonja hits you but does no damage. Space bends around you.
* * * LOW HITPOINT WARNING * * *
Sonja hits you but does no damage. Space bends around you.
* * * LOW HITPOINT WARNING * * *
You hit Sonja.
Sonja is almost dead.
You barely miss the steam dragon.
You are engulfed in a cloud of scalding steam.
Sonja is engulfed in a cloud of scalding steam.
You block Sonja's attack. Sonja hits you but does no damage.
Space warps horribly around you!
* * * LOW HITPOINT WARNING * * *
You block Sonja's attack.
The acid dragon is engulfed in a cloud of scalding steam.
You barely miss Sonja.
Sonja is almost dead.
You hit the steam dragon. You slice the steam dragon!!
You slash the acid dragon! You block Sonja's attack. x2
Sonja closely misses you. You block the steam dragon's attack.
The steam dragon completely misses you.
The steam dragon bites you but does no damage.
The steam dragon claws you but does no damage.
You completely miss Sonja.
Sonja is almost dead.
You slice the acid dragon!!
You kill the acid dragon!
Okawaru accepts your kill.
You hit the steam dragon. You slash the steam dragon!
You kill the steam dragon!
Okawaru accepts your kill. Okawaru grants you a weapon!
Something appears at your feet!
You see here a +0 broad axe of electrocution.
The steam dragon scales are intact enough to wear.
Sonja hits you but does no damage. Space bends around you.
* * * LOW HITPOINT WARNING * * *
Sonja hits you but does no damage. Space bends around you.
* * * LOW HITPOINT WARNING * * *
Sonja hits you but does no damage. Space bends around you.
You die...

#....##....#.....#
#....##....P.....##..
#.....#..............
###.....##.#PP........
#.#......#.#..[.....###.
...................#....
.........†.††...........
..........††.†.†D§§§....
..††........k†[K@.§.....
......(........[..§§....
##....###P####..........
#.....##### #......##...
#..<...# ##.....# ##
.+......... ......#
#.....###.. ##.....#
#.##### # ####### ##


You could see a rime drake, a steam dragon and Sonja.

Vanquished Creatures
  Gastronok (D:10)
  Harold (D:7)
  A catoblepas (Lair:2)
  Erica (D:10)
  8 hydras
  A two-headed ogre (D:10)
  Pikel (D:6)
  Joseph (D:7)
  5 black mambas
  An unseen horror (D:10)
  7 cane toads
  A demonic crawler (D:10)
  A rime drake (Lair:3)
  3 komodo dragons
  A troll (D:10)
  A polar bear (Lair:2)
  15 blink frogs
  5 dream sheep (Lair:2)
  Eustachio (D:6)
  2 wyverns
  21 yaks
  3 basilisks
  3 steam dragons
  Menkaure (D:7)
  Grum (D:10)
  A swamp worm (D:10)
  An acid dragon (Lair:3)
  Duvessa (D:6)
  10 water moccasins
  An ice beast (D:8)
  4 orc warriors
  6 black bears
  A necrophage (D:5)
  4 ogres
  10 wolves
  2 centaurs (D:9)
  3 lemures (D:6)
  13 bullfrogs
  4 phantoms
  3 kobold brigands (D:9)
  2 elf zombies (Ossuary)
  A wyvern zombie (D:8)
  5 scorpions
  Dowan (D:6)
  A wyvern skeleton (D:7)
  3 killer bees (D:8)
  3 electric eels
  6 howler monkeys
  4 crimson imps (D:7)
  2 centaur zombies
  A human zombie (Ossuary)
  A jelly (D:7)
  2 bullfrog zombies
  2 gnoll shamans
  2 bullfrog skeletons
  2 orc priests
  An iguana (D:5)
  An orc wizard (D:7)
  2 mummies (Ossuary)
  A hound zombie (D:5)
  A hound skeleton (D:4)
  2 howler monkey zombies
  9 gnolls
  10 adders
  A river rat (D:6)
  A shadow imp (D:7)
  6 white imps
  An ufetubus (D:5)
  3 worms
  5 dart slugs
  15 orcs
  14 bats
  8 endoplasms
  4 giant cockroaches
  7 goblins
  7 hobgoblins
  9 jackals
  15 kobolds
  5 quokkas
  8 ball pythons
  6 frilled lizards
  A goblin zombie (Ossuary)
  12 hobgoblin zombies (Ossuary)
  2 jackal zombies (Ossuary)
  9 kobold zombies (Ossuary)
  9 orc zombies (Ossuary)
  A quokka skeleton (D:4)
  7 rats
372 creatures vanquished.

Vanquished Creatures (others)
  A torpor snail (Lair:3)
  A rime drake (Lair:3)
  23 fungi
  26 plants
51 creatures vanquished.

Grand Total: 423 creatures vanquished

Notes
Turn   | Place    | Note
-------+----------+-------------------------------------------
     0 | D:1      | bande the Gargoyle Fighter began the quest for the Orb.
     0 | D:1      | Reached XP level 1. HP: 14/14 MP: 1/1
   186 | D:1      | Reached skill level 2 in Axes
   330 | D:1      | Reached XP level 2. HP: 19/19 MP: 2/2
   624 | D:1      | Reached XP level 3. HP: 23/23 MP: 3/3
   889 | D:2      | Found a glowing silver altar of Zin.
  1341 | D:2      | Reached XP level 4. HP: 25/29 MP: 4/4
  1526 | D:2      | Found Atanuf's Book Emporium.
  1735 | D:3      | Reached skill level 3 in Axes
  2474 | D:4      | Reached XP level 5. HP: 33/33 MP: 5/5
  2479 | D:4      | Noticed a black bear
  2479 | D:4      | Noticed an ogre
  2490 | D:4      | Killed a black bear
  2498 | D:4      | Killed an ogre
  2499 | D:4      | Reached skill level 4 in Axes
  2499 | D:4      | Reached XP level 6. HP: 20/38 MP: 6/6
  2539 | D:4      | Found a sand-covered staircase.
  2565 | Ossuary  | Entered an ossuary
  2958 | Ossuary  | Reached skill level 5 in Axes
  2958 | Ossuary  | Reached XP level 7. HP: 35/44 MP: 7/7
  3588 | D:4      | Reached skill level 6 in Axes
  3870 | D:4      | You fall into a shaft and drop 2 floors!
  3950 | D:6      | Noticed Duvessa
  3950 | D:6      | Noticed Dowan
  3969 | D:6      | Reached skill level 5 in Fighting
  3974 | D:6      | Killed Duvessa
  3975 | D:6      | Reached XP level 8. HP: 23/49 MP: 8/8
  3998 | D:6      | Killed Dowan
  4070 | D:6      | Found a glowing drain.
  4080 | Sewer    | Entered a sewer
  4574 | Sewer    | Reached skill level 5 in Armour
  4803 | D:6      | Reached skill level 5 in Shields
  4855 | D:6      | Reached skill level 7 in Axes
  5075 | D:6      | Noticed Pikel
  5101 | D:6      | Killed Pikel
  5102 | D:6      | Reached XP level 9. HP: 11/55 MP: 9/9
  5685 | D:6      | Noticed Eustachio
  5709 | D:6      | Killed Eustachio
  5710 | D:6      | Reached skill level 8 in Axes
  6133 | D:6      | Found a staircase to the Ecumenical Temple.
  6151 | Temple   | Entered the Ecumenical Temple
  6422 | Temple   | Became a worshipper of Warmaster Okawaru
  6480 | D:5      | Entered Level 5 of the Dungeon
  7102 | D:5      | Reached skill level 9 in Axes
  7520 | D:7      | Gained mutation: Your muscles are strong. (Str +2) [potion
                  | of mutation]
  7520 | D:7      | Gained mutation: You are robust. (+10% HP) [potion of
                  | mutation]
  7524 | D:7      | Identified a scroll of acquirement
  7524 | D:7      | Acquired the +3 pair of gauntlets of War {Slay+5}
  7524 | D:7      | Found the +3 pair of gauntlets of War {Slay+5}
  7570 | D:7      | Noticed SkeletonJelly's ghost (novice SpAK)
  7573 | D:7      | Found a bloodstained altar of Trog.
  7573 | D:7      | Found a transporter.
  7579 | D:7      | Found a transporter.
  7606 | D:7      | Noticed a moth of wrath
  7620 | D:7      | Noticed Harold
  7636 | D:7      | Killed Harold
  7636 | D:7      | Reached * piety under Okawaru
  7637 | D:7      | Reached XP level 10. HP: 39/69 MP: 4/10
  7830 | D:7      | Noticed Joseph
  7853 | D:7      | Killed Joseph
  7854 | D:7      | Reached skill level 10 in Axes
  7956 | D:7      | Noticed a five-headed hydra
  7970 | D:7      | Killed a five-headed hydra
  7971 | D:7      | Reached skill level 1 in Invocations
  7971 | D:7      | Reached skill level 1 in Evocations
  7972 | D:7      | Reached ** piety under Okawaru
  8484 | D:7      | Noticed Menkaure
  8490 | D:7      | Killed Menkaure
  8812 | D:8      | Found a broken altar of Ashenzari.
  9226 | D:8      | Reached *** piety under Okawaru
  9591 | D:9      | Reached XP level 11. HP: 74/74 MP: 11/13
  9591 | D:9      | Received a gift from Okawaru
  9751 | D:9      | Reached skill level 11 in Axes
 10330 | D:10     | Entered Level 10 of the Dungeon
 10344 | D:10     | Identified the +2 pair of boots of the Vacuum {Str-4 Int+8
                  | Dex+3}
 10414 | D:10     | Noticed Gastronok
 10439 | D:10     | Killed Gastronok
 10439 | D:10     | Reached **** piety under Okawaru
 10584 | D:10     | Reached ***** piety under Okawaru
 10668 | D:10     | Noticed Erica
 10683 | D:10     | Noticed a two-headed ogre
 10701 | D:10     | Killed Erica
 10702 | D:10     | Reached skill level 5 in Invocations
 10708 | D:10     | Killed a two-headed ogre
 10762 | D:10     | Found a portal to a secret trove of treasure.
 10825 | D:10     | Noticed Grum
 10845 | D:10     | Killed Grum
 10873 | D:10     | Found Ilaucid's Distillery.
 10882 | D:10     | Bought a potion of heal wounds for 65 gold pieces
 10882 | D:10     | Bought a potion of heal wounds for 65 gold pieces
 10882 | D:10     | Bought a potion of might for 52 gold pieces
 10882 | D:10     | Bought a potion of might for 52 gold pieces
 10882 | D:10     | Bought a potion of might for 52 gold pieces
 10920 | D:10     | Found a staircase to the Lair.
 11305 | Lair:1   | Entered Level 1 of the Lair of Beasts
 11305 | Lair:1   | Noticed a six-headed hydra
 11312 | D:10     | Reached XP level 12. HP: 74/82 MP: 13/16
 11360 | D:10     | Killed a one-headed hydra
 12604 | Lair:2   | Reached skill level 12 in Axes
 12669 | Lair:2   | Noticed a seven-headed hydra
 12678 | Lair:2   | Killed a seven-headed hydra
 12679 | Lair:2   | Reached skill level 5 in Evocations
 12873 | Lair:2   | Noticed an eight-headed hydra
 12893 | Lair:2   | Killed a four-headed hydra
 12898 | Lair:2   | Reached ****** piety under Okawaru
 12905 | Lair:2   | Identified the +10 dire flail of Purpose {pain, Str+4}
                  | (Okawaru gifted it to you on level 2 of the Lair of Beasts)
 12905 | Lair:2   | Received a gift from Okawaru
 12913 | Lair:2   | Noticed a five-headed hydra
 12918 | Lair:2   | Noticed a four-headed hydra
 12927 | Lair:2   | Killed a one-headed hydra
 12932 | Lair:2   | Killed a one-headed hydra
 13098 | Lair:2   | Found a staircase to the Snake Pit.
 13126 | Lair:2   | Identified the +8 broad axe of Dim Light {protect, rCorr}
                  | (Okawaru gifted it to you on level 2 of the Lair of Beasts)
 13126 | Lair:2   | Received a gift from Okawaru
 13291 | Lair:2   | Reached XP level 13. HP: 88/88 MP: 18/18
 13945 | Lair:2   | Received a gift from Okawaru
 14310 | Lair:3   | Noticed Sonja
 14314 | Lair:3   | Reached skill level 10 in Fighting
 14325 | Lair:3   | Reached skill level 10 in Armour
 14342 | Lair:3   | Reached skill level 13 in Axes
 14364 | Lair:3   | HP: 4/90 [Sonja (11)]
 14366 | Lair:3   | Received a gift from Okawaru
 14366 | Lair:3   | HP: 1/90 [Sonja (2)]
 14366 | Lair:3   | Slain by Sonja

Illustrated notes

Levels and vault maps discovered:
D:1:      dpeg_arrival_houses_and_road, layout_loops_corners, minmay_3d_cube
D:2:      layout_loops_corners, serial_shops, nicolae_shop_window_shopping,
          basic_altar
D:3:      minmay_inner_zag, layout_basic
D:4:      layout_basic, enter_ossuary_3
D:5:      layout_basic
D:6:      old_forge, layout_loops_ring, minmay_temple_entry_antechambers,
          portal_sewer_entry_e, uniq_duvessa, uniq_eustachio, uniq_pikel
D:7:      layout_loops_ring, gammafunk_ghost_wrathful_warriors,
          minmay_nine_imps, uniq_joseph, uniq_harold, uniq_menkaure
D:8:      layout_loops_ring, mainiacjoe_overflow_catwalk, grunt_decor_junction,
          serial_park_tiny_1, chequers_serial_rivers_room_a,
          hangedman_abyss_or_decor_lesser_grid
D:9:      layout_cave_pods, minmay_unpleasant_kobolds
D:10:     layout_basic, grunt_lair_entry_orc_guard_hut,
          nicolae_trove_entry_isolated, serial_shops, nicolae_lakefront_shop,
          worms_lemuel, uniq_grum, uniq_gastronok, uniq_erica
Temple:   roderic_octagonal_lattice_temple
Lair:1:   layout_misc_corridors, chequers_serial_rivers_large_a,
          infiniplex_staircase_pool, serial_bayou_shore_a
Lair:2:   nzn_winding_woodlands_medium [nzn_winding_woodlands_5x5_default,
          nzn_winding_woodlands_5x15_pockets,
          nzn_winding_woodlands_5x5_closed_star,
          nzn_winding_woodlands_5x5_three,
          nzn_winding_woodlands_center_pierced_h,
          nzn_winding_woodlands_5x5_cross, nzn_winding_woodlands_5x5_open_star,
          nzn_winding_woodlands_5x15_longhouse,
          nzn_winding_woodlands_hourglass], layout_gridlike,
          minmay_snake_entry_six_corridors, chequers_serial_rivers_micro_a,
          nicolae_quartered_pool_little
Lair:3:   layout_regular_city, swamp_mist, chequers_serial_rivers_micro_a,
          bobbens_dragon_lair_wall, uniq_sonja

Skill      XL: |  1  2  3  4  5  6  7  8  9 10 11 12 13 |
---------------+----------------------------------------+-----
Axes           | 2 3 4 5 6 7 9 10 11 12 13 | 13.1
Shields        | 4 5 6 7 9 |  9.2
Fighting       | 4 5 7 8 9 10 | 10.1
Armour         | 4 5 6 7 8 9 10 | 10.0
Invocations    | 3 5 7 8 |  8.0
Evocations     | 2 4 5 6 |  6.6
Long Blades    | |  0.4

Action                   |  1- 3 |  4- 6 |  7- 9 | 10-12 | 13-15 || total
-------------------------+-------+-------+-------+-------+-------++-------
Melee: War axe           |    91 |   176 |   479 |   421 |       ||  1167
       Flail             |       |       |       |    12 |       ||    12
       Scimitar          |       |       |       |    55 |     8 ||    63
       Broad axe         |       |       |       |     5 |   134 ||   139
Invok: Heroism           |       |       |       |     2 |       ||     2
  Use: Scroll            |     5 |     2 |    10 |     8 |       ||    25
       Potion            |     3 |     1 |     1 |     4 |       ||     9
Armor: Scale mail        |    59 |    40 |       |       |       ||    99
       Plate armour      |       |    67 |   368 |   602 |   172 ||  1209
Dodge: Dodged            |    43 |    66 |   157 |   174 |    50 ||   490
Block: Buckler           |    20 |    44 |   161 |   225 |    61 ||   511

Table legend: (Time is in decaauts)
 A = Elapsed time spent in this place.
 B = Non-inter-level travel time spent in this place.
 C = Inter-level travel time spent in this place.
 D = Time resting spent in this place.
 E = Time spent auto-exploring this place.
 F = Levels seen in this place.
 G = Mean time per level.
                   A        B        C        D        E       F      G
               +--------+--------+--------+--------+--------+-----+--------+
         Total |  14650 |  14445 |    205 |   2114 |   8795 |  16 |  915.6 |
       Dungeon |  10225 |  10038 |    187 |   1318 |   6206 |  10 | 1022.5 |
        Temple |    291 |    273 |     18 |      0 |    246 |   1 |  291.0 |
          Lair |   2589 |   2589 |      0 |    180 |   1848 |   3 |  863.0 |
         Sewer |    753 |    753 |      0 |    314 |    252 |   1 |  753.0 |
       Ossuary |    790 |    790 |      0 |    302 |    242 |   1 |  790.0 |
               +--------+--------+--------+--------+--------+-----+--------+

Top non-repeatable levels by time:
  Lair:2: 1756 daAuts
     D:6: 1753 daAuts
    D:10: 1446 daAuts
     D:7: 1104 daAuts
     D:9: 999 daAuts
     D:2: 912 daAuts
     D:4: 879 daAuts
     D:1: 853 daAuts
     D:8: 792 daAuts
 Ossuary: 790 daAuts
     D:5: 789 daAuts
  Lair:1: 764 daAuts
   Sewer: 753 daAuts
     D:3: 695 daAuts
  Temple: 291 daAuts
